 Dungeon Crawl Stone Soup version 0.28.0-53-g5a82cb258f (webtiles) character file.

Game seed: 14018459771941705238

3257 jjjjhere the Archer (level 9, 0/40 HPs)
             Began as a Spriggan Arcane Marksman on Aug 7, 2022.
             Was a Believer of Okawaru.
             Shot with an arrow by a centaur (8 damage)
             ... on level 9 of the Dungeon.
             The game lasted 00:22:27 (13722 turns).

jjjjhere the Archer (Spriggan Arcane Marksman)     Turns: 13722, Time: 00:22:27

Health: 0/40       AC:  3    Str:  6    XL:     9   Next: 67%
Magic:  15/20      EV: 18    Int: 14    God:    Okawaru [**....]
Gold:   679        SH:  0    Dex: 20    Spells: 14/21 levels left

rFire   + . .      SeeInvis +   a - +0 shortbow
rCold   . . .      Faith    .   (shield currently unavailable)
rNeg    . . .      Spirit   .   d - +1 robe
rPois   .          Reflect  .   (helmet restricted)
rElec   .          Harm     .   (no cloak)
rCorr   .          Rampage  .   (gloves unavailable)
Will    ++...                   (boots unavailable)
Stlth   ++........              (no amulet)
HPRegen 0.13/turn               o - ring of willpower
MPRegen 0.17/turn               v - ring of protection from fire

@: very quick
A: very small, no large weapons, unfitting armour, see invisible, speed 3
a: Renounce Religion, Heroism


You were on level 9 of the Dungeon.
You worshipped Okawaru.
Okawaru was pleased with you.
You visited 2 branches of the dungeon, and saw 10 of its levels.
You also visited: Ossuary.

You collected 688 gold pieces.
You spent 9 gold pieces at shops.

Inventory:

Hand Weapons
 a - a +0 shortbow (weapon)
 t - a +1 whip of venom
 x - a +0 fustibalus
Missiles
 b - 19 poisoned darts
 c - 28 arrows (quivered ammo)
 y - 16 sling bullets
 A - 221 stones
Armour
 d - a +1 robe (worn)
Jewellery
 k - a ring of ice
 o - a ring of willpower (left hand)
 v - a ring of protection from fire (right hand)
 D - a ring of ice
Wands
 e - a wand of flame (29)
 j - a wand of iceblast (10)
 r - a wand of mindburst (14)
 w - a wand of acid (19)
Scrolls
 i - 3 scrolls of teleportation
 n - 2 scrolls of blinking
 C - a scroll of fear
Potions
 f - 2 potions of haste
 g - 2 potions of heal wounds {unknown}
 h - 3 potions of flight {unknown}
 l - 5 potions of curing
 m - 3 potions of might
 p - a potion of magic {unknown}
 q - a potion of attraction {unknown}
 s - 5 potions of mutation
 u - 3 potions of resistance {unknown}
 z - 2 potions of cancellation
 B - a potion of brilliance {unknown}


   Skills:
 - Level 0.7 Fighting
 + Level 5.9 Slings
 - Level 10.2 Bows
 - Level 2.7 Dodging
 - Level 1.4 Stealth
 + Level 6.8 Spellcasting
 - Level 8.0 Hexes
 - Level 6.0 Translocations
 - Level 1.3 Fire Magic


You had 14 spell levels left.
You knew the following spells:

 Your Spells              Type           Power      Damage    Failure   Level
a - Slow                  Hex            100%       N/A       1%          1
b - Portal Projectile     Hex/Tloc       48%        N/A       2%          3
c - Inner Flame           Hex/Fire       17%        N/A       6%          3

Your spell library contained the following spells:

 Spells                   Type           Power      Damage    Failure   Level
 Cause Fear               Hex            13%        N/A       5%          4
 Pain                     Necr           16%        1d4       14%         1
 Static Discharge         Conj/Air       4%         N/A       22%         2
 Sticky Flame             Conj/Fire      6%         2d3       73%         4
 Dispel Undead            Necr           4%         3d7       82%         4
 Fireball                 Conj/Fire      3%         3d4       97%         5
 Agony                    Necr           4%         N/A       99%         5
 Excruciating Wounds      Necr           2%         N/A       99%         5
 Starburst                Conj/Fire      3%         6d3       100%        6
 Ignition                 Fire           4%         3d4       100%        8


Dungeon Overview and Level Annotations

Branches:
Dungeon (9/15)             Temple (1/1) D:6         Ossuary (visited)
   Lair: D:8-11         Orc: D:9-12

Altars:
Dithmenos
Hepliaklqana
Makhleb
Okawaru
Ru
Uskayaw
Vehumet
Wu Jian
Zin

Shops:
D:8 *


Innate Abilities, Weirdness & Mutations

You are very small and have problems with some larger weapons.
You are too small for most types of armour.
You have supernaturally acute eyesight. (SInv)
You cover ground extremely quickly. (Speed+++)


Message History

Things that are here:
a +0 morningstar; a +0 chain mail You feel sick.
You feel sick.
You feel sick.
Fire: 32 arrows
Press: ? - help, Q - select action, (/) - cycle Shift-Dir - straight line, f/p - water moccasin
Aim: a water moccasin (inner flame, slow, 52% to hit)
You shoot an arrow.
The arrow closely misses the water moccasin.
You feel sick.
Fire: 31 arrows
Press: ? - help, Q - select action, (/) - cycle Shift-Dir - straight line, f/p - water moccasin
Aim: a water moccasin (inner flame, slow, 52% to hit)
You shoot an arrow.
The arrow closely misses the water moccasin.
The arrow hits the centaur but does no damage.
Fire: 30 arrows
Press: ? - help, Q - select action, (/) - cycle Shift-Dir - straight line, f/p - water moccasin
Aim: a water moccasin (inner flame, slow, 52% to hit)
You shoot an arrow. The arrow hits the water moccasin!
Flame seeps out of the water moccasin.
The water moccasin is moderately wounded.
You feel sick.
You feel sick.
The water moccasin is engulfed in blazing flames.
Flame seeps out of the water moccasin.
Fire: 29 arrows
Press: ? - help, Q - select action, (/) - cycle Shift-Dir - straight line, f/p - water moccasin
Aim: a water moccasin (almost dead, inner flame, slow, 52% to hit)
You shoot an arrow. The arrow hits the water moccasin.
Okawaru accepts your kill.
The water moccasin explodes!
You feel sick.
You are no longer poisoned.
The centaur shoots an arrow.
The arrow hits you!
* * * LOW HITPOINT WARNING * * *
The centaur shoots an arrow.
The arrow misses you.
The centaur shoots an arrow.
The arrow hits you!
You die...

..(.## ###)#### ≈≈≈)≈≈≈#
≈.....≈# ≈.♣.♣c≈###
.♣.♣.♣.c.# ####+##
≈.♣.♣.≈#.# #.....#
≈..♣..≈#.############.....#
≈≈≈.≈≈≈#(.c°§§..@...'.....#
###+#################<....#
#.....# #.....# #.....+
#.....# #.....# #######


You could see a centaur.

Vanquished Creatures
  3 yaks (D:8)
  Sigmund (D:5)
  A steam dragon (D:8)
  A water moccasin (D:9)
  2 orc warriors
  A hornet zombie (D:8)
  An ice beast (D:6)
  An ogre (D:4)
  2 necrophages
  A phantom (D:7)
  A gnoll sergeant (D:7)
  2 bullfrogs
  4 scorpions
  A water moccasin skeleton (D:4)
  3 killer bees (D:7)
  3 wights (D:7)
  A bullfrog zombie (D:7)
  5 hounds
  2 bullfrog skeletons (D:5)
  4 orc priests
  3 jellies
  Ijyb (D:5)
  A centaur skeleton (D:7)
  Natasha (D:2)
  3 iguanas
  3 orc wizards
  A hound zombie (D:5)
  8 mummies (Ossuary)
  3 gnolls (D:7)
  8 adders
  A shadow imp (D:7)
  3 ufetubi
  An adder skeleton (D:4)
  A worm (D:3)
  A dart slug (D:3)
  18 orcs
  4 bats
  8 endoplasms
  3 giant cockroaches
  A gnoll zombie (Ossuary)
  4 hobgoblins
  8 jackals
  6 kobolds
  2 quokkas
  3 ball pythons
  2 frilled lizards
  10 goblins
  3 hobgoblin zombies (Ossuary)
  4 orc zombies (Ossuary)
  4 rats
159 creatures vanquished.

Vanquished Creatures (others)
  9 plants (D:3)
9 creatures vanquished.

Grand Total: 168 creatures vanquished

Notes
Turn   | Place    | Note
-------+----------+-------------------------------------------
     0 | D:1      | jjjjhere the Spriggan Arcane Marksman began the quest for
                  | the Orb.
     0 | D:1      | Reached XP level 1. HP: 9/9 MP: 3/3
    65 | D:1      | Reached skill level 1 in Stealth
   130 | D:1      | Reached XP level 2. HP: 14/14 MP: 3/5
   137 | D:1      | Reached skill level 3 in Bows
   728 | D:1      | Reached XP level 3. HP: 17/17 MP: 7/7
   779 | D:2      | Noticed Natasha
   790 | D:2      | HP: 4/17 [Natasha/magic dart (3)]
  1095 | D:2      | Found a burning altar of Makhleb.
  1322 | D:2      | Killed Natasha
  1323 | D:2      | Reached skill level 4 in Bows
  1339 | D:2      | Learned a level 3 spell: Portal Projectile
  1403 | D:2      | Reached XP level 4. HP: 21/21 MP: 9/9
  1532 | D:2      | Found a faded altar of an unknown god.
  2093 | D:3      | Reached skill level 1 in Translocations
  2399 | D:3      | Reached XP level 5. HP: 11/25 MP: 10/10
  2651 | D:3      | Learned a level 3 spell: Inner Flame
  3374 | D:4      | Reached skill level 5 in Bows
  3374 | D:4      | Noticed an ogre
  3396 | D:4      | Killed an ogre
  3397 | D:4      | Reached XP level 6. HP: 29/29 MP: 11/11
  3401 | D:4      | Reached skill level 5 in Hexes
  4416 | D:4      | Reached XP level 7. HP: 30/32 MP: 12/12
  4425 | D:4      | Reached skill level 6 in Bows
  4425 | D:4      | Reached skill level 5 in Translocations
  4740 | D:5      | Entered Level 5 of the Dungeon
  5118 | D:5      | Noticed Ijyb
  5131 | D:5      | Killed Ijyb
  5710 | D:5      | Reached skill level 7 in Bows
  5940 | D:5      | Noticed Sigmund
  5979 | D:5      | Killed Sigmund
  5980 | D:5      | Reached XP level 8. HP: 22/37 MP: 2/13
  6741 | D:6      | Found a staircase to the Ecumenical Temple.
  6769 | Temple   | Entered the Ecumenical Temple
  6901 | Temple   | Became a worshipper of Warmaster Okawaru
  7000 | D:6      | Reached skill level 8 in Bows
  7444 | D:6      | Found a sand-covered staircase.
  7450 | Ossuary  | Entered an ossuary
  8668 | D:6      | Found a radiant altar of Vehumet.
  8682 | D:6      | Reached skill level 9 in Bows
  9818 | D:7      | Reached * piety under Okawaru
  9819 | D:7      | Reached skill level 10 in Bows
  9819 | D:7      | Reached skill level 1 in Fire Magic
 10799 | D:7      | Reached XP level 9. HP: 40/40 MP: 13/15
 10886 | D:7      | Reached skill level 1 in Slings
 12447 | D:8      | Found Wydischi's CLEARANCE SALE!.
 12452 | D:8      | Bought a potion of curing for 9 gold pieces
 12606 | D:8      | Reached skill level 5 in Spellcasting
 12927 | D:8      | Reached ** piety under Okawaru
 12928 | D:8      | Reached skill level 5 in Slings
 13720 | D:9      | HP: 8/40 [centaur/arrow (9)]
 13722 | D:9      | Shot with an arrow by a centaur

Illustrated notes

Levels and vault maps discovered:
D:1:      minmay_arrival_hallway, layout_loops_ring, minmay_pentomino_p2
D:2:      layout_loops_ring, hellmonk_ecumenical_altar_pennies_from_heaven,
          basic_altar, nicolae_elevator_lobby_asterisk, uniq_natasha
D:3:      layout_basic, serial_bayou_ford_a
D:4:      minmay_diamond_boxcup, layout_basic, small_statue_intersection
D:5:      layout_loops_corners, uniq_sigmund, uniq_ijyb
D:6:      layout_basic, nicolae_vehumet_radiance, temple_pool_b, enter_ossuary_5
D:7:      layout_basic
D:8:      layout_basic, minmay_misc_feat_iff, nicolae_shop_clearance
D:9:      layout_roguey, minitemple, orc_0_dummy, grunt_ministairs_5,
          kennysheep_generic_room_10, uniq_psyche, uniq_harold
Temple:   regret_index_temple_generic_petals

Skill      XL: |  1  2  3  4  5  6  7  8  9 |
---------------+----------------------------+-----
Stealth        | 1 |  1.4
Bows           | 3 4 5 7 10 | 10.2
Spellcasting   | 2 3 6 |  6.8
Translocations | 2 3 4 6 |  6.0
Hexes          | 4 5 6 8 |  8.0
Fire Magic     | 1 |  1.3
Slings         | 5 |  5.9
Fighting       | |  0.7
Dodging        | |  2.7

Action                   |  1- 3 |  4- 6 |  7- 9 || total
-------------------------+-------+-------+-------++-------
Melee: Whip              |       |       |    15 ||    15
 Fire: Shortbow          |    75 |   217 |   456 ||   748
       Fustibalus        |       |       |    31 ||    31
 Cast: Slow              |       |       |    31 ||    31
       Portal Projectile |       |       |    33 ||    33
       Inner Flame       |       |       |    25 ||    25
Evoke: Wand              |       |       |     8 ||     8
  Use: Scroll            |       |    10 |     6 ||    16
Armor: Robe              |     1 |     5 |    11 ||    17
Dodge: Dodged            |    19 |    52 |    93 ||   164
